 Dungeon Crawl Stone Soup version 0.28.0 (webtiles) character file.

Game seed: 9336149339480226986

613 hikkokomori the Skirmisher (level 7, -3/62 HPs)
             Began as a Formicid Fighter on Feb 14, 2022.
             Slain by a gnoll shaman (4 damage)
             ... on level 7 of the Dungeon.
             The game lasted 00:08:57 (4417 turns).

hikkokomori the Skirmisher (Formicid Fighter)       Turns: 4417, Time: 00:08:58

Health: -3/62      AC: 11    Str: 28 (29) XL:     7   Next: 72%
Magic:  7/7        EV:  8    Int: 13      God:
Gold:   208        SH:  5    Dex: 10      Spells: 6/6 levels left

rFire   . . .      SeeInvis +   d - +0 mace (protect)
rCold   + . .      Faith    .   c - +0 buckler
rNeg    . . .      Spirit   .   f - +1 chain mail {rPois}
rPois   +          Reflect  .   (helmet unavailable)
rElec   .          Harm     .   (no cloak)
rCorr   +          Rampage  .   (no gloves)
Will    .....                   (no boots)
Stlth   ..........              (no amulet)
HPRegen 0.20/turn               g - +6 ring of intelligence
MPRegen 0.10/turn               p - ring "Vuuschuvo" {rC+ rCorr Str+6}

@: no status effects
A: permanent stasis, dig shafts and tunnels, antennae 3, four strong arms,
deterioration 1, robust 1
a: Dig, Shaft Self


You were on level 7 of the Dungeon.
You visited 1 branch of the dungeon, and saw 5 of its levels.

You collected 208 gold pieces.

Inventory:

Hand Weapons
 a - a +0 war axe
 d - a +0 mace of protection (weapon)
Missiles
 e - 4 boomerangs
 o - 4 silver boomerangs
Armour
 b - a +0 scale mail
 c - a +0 buckler (worn)
 f - a +1 chain mail of poison resistance (worn)
Jewellery
 g - a +6 ring of intelligence (left hand)
 p - the ring "Vuuschuvo" (right hand) {rC+ rCorr Str+6}
   (You found it on level 3 of the Dungeon)

   [ring of strength]

   Str:       It affects your strength (+6).
   rC:        It protects you from cold.
   rCorr:     It protects you from acid and corrosion.
Scrolls
 i - a scroll of identify
Potions
 h - 2 potions of degeneration
 j - a potion of attraction {unknown}
 n - a potion of magic


   Skills:
 + Level 5.6 Fighting
 + Level 4.5 Axes
 + Level 5.6 Armour
 - Level 5.0 Shields


You had 6 spell levels left.
You didn't know any spells.
Your spell library was empty.

Dungeon Overview and Level Annotations

Branches:
Dungeon (4/15)
 Temple: D:4-7

Altars:
Dithmenos
Hepliaklqana
Zin

Annotations:
D:4 Robin


Innate Abilities, Weirdness & Mutations

You cannot be hasted, slowed, berserked, paralysed or teleported.
You can dig through walls and to a lower floor.
You have a pair of large antennae on your head. (SInv)
Your four strong arms can wield two-handed weapons with a shield.
Your body sometimes deteriorates upon taking damage.
You are robust. (+10% HP)


Message History

Your mind is blasted!
You sock the gnoll shaman!
The gnoll shaman is moderately wounded.
The gnoll shaman invokes the aid of its god against you.
You easily resist.
The gnoll shaman zaps a wand.
Your mind is blasted!
You are too injured to fight recklessly!
You are too injured to fight recklessly!
Unknown command.
You are too injured to fight recklessly!
You are too injured to fight recklessly!
You are too injured to fight recklessly!
You are too injured to fight recklessly!
Press: ? - help, v - describe, . - travel, g - get item
Here: a gnoll shaman, wielding a +0 club, wearing a +0 robe and carrying a wand of mindburst (10) (moderately wounded)
Items here: $ ))) ? รทรทรท.
The floor, spattered with blood.
It was a potion of cancellation.
You feel magically purged.
The gnoll shaman hits you with a +0 club.
You hit the gnoll shaman.
The gnoll shaman is heavily wounded.
The gnoll shaman zaps a wand.
Your mind is blasted!
* * * LOW HITPOINT WARNING * * *
You closely miss the gnoll shaman.
The gnoll shaman is heavily wounded.
The gnoll shaman zaps a wand.
Your mind is blasted!
* * * LOW HITPOINT WARNING * * *
It was a potion of mutation.
You feel extremely strange.
You feel robust.
You feel yourself wasting away.
The gnoll shaman mumbles some strange prayers to its god.
The gnoll shaman is healed somewhat.
Okay, then.
Unknown command.
You barely miss the gnoll shaman.
The gnoll shaman is moderately wounded.
The gnoll shaman zaps a wand.
Your mind is blasted!
* * * LOW HITPOINT WARNING * * *
You barely miss the gnoll shaman.
The gnoll shaman is moderately wounded.
The gnoll shaman hits you with a +0 club.
You die...

#.....##.....#
#8...8###....# ##8## ##....#
###### #########....##
##....#######............#
##.......g.....)..g......##
##...........{...##########
....####......###g# ..###
#########@## ### ### # {
######### #.#.#.#.#
#.#.#.#.### ########.
..........##########........
#.#.#)#.#...................


You could see a gnoll shaman.

Vanquished Creatures
  An orc warrior (D:7)
  An ice beast (D:7)
  A necrophage (D:7)
  2 hounds
  An orc priest (D:2)
  An iguana (D:7)
  An orc wizard (D:2)
  Natasha (D:2)
  4 gnolls (D:7)
  4 adders
  2 ufetubi (D:7)
  4 dart slugs (D:3)
  8 orcs
  5 ball pythons
  4 bats
  10 endoplasms
  3 giant cockroaches
  4 goblins
  4 hobgoblins
  6 jackals
  3 kobolds
  3 quokkas
  7 frilled lizards
  4 rats
84 creatures vanquished.

Notes
Turn   | Place    | Note
-------+----------+-------------------------------------------
     0 | D:1      | hikkokomori the Formicid Fighter began the quest for the
                  | Orb.
     0 | D:1      | Reached XP level 1. HP: 18/18 MP: 1/1
   288 | D:1      | Reached XP level 2. HP: 24/24 MP: 2/2
   737 | D:1      | Reached XP level 3. HP: 25/29 MP: 3/3
  1288 | D:2      | Found a hazy altar of Hepliaklqana.
  1515 | D:2      | Reached XP level 4. HP: 37/37 MP: 4/4
  1536 | D:2      | Reached XP level 5. HP: 20/41 MP: 5/5
  1711 | D:2      | Noticed Natasha
  1737 | D:2      | Killed Natasha
  2688 | D:3      | Found a faded altar of an unknown god.
  2764 | D:3      | Reached XP level 6. HP: 42/49 MP: 6/6
  2991 | D:3      | Identified the ring "Vuuschuvo" {rC+ rCorr Str+6}
  3064 | D:3      | Reached skill level 5 in Shields
  3224 | D:4      | Noticed Robin
  3236 | D:4      | You fall into a shaft and drop 3 floors!
  3631 | D:7      | Noticed a necrophage
  3648 | D:7      | Killed a necrophage
  3688 | D:7      | Noticed an orc warrior
  3720 | D:7      | Killed an orc warrior
  3721 | D:7      | Reached skill level 5 in Fighting
  3721 | D:7      | Reached skill level 5 in Armour
  3721 | D:7      | Reached XP level 7. HP: 11/56 MP: 7/7
  4053 | D:7      | Found a glowing silver altar of Zin.
  4058 | D:7      | Found a shadowy altar of Dithmenos.
  4414 | D:7      | HP: 2/57 [disintegration (8)]
  4415 | D:7      | Gained mutation: You are robust. (+10% HP) [potion of
                  | mutation]
  4415 | D:7      | Gained mutation: Your body sometimes deteriorates upon
                  | taking damage. [potion of mutation]
  4417 | D:7      | Slain by a gnoll shaman

Illustrated notes

Levels and vault maps discovered:
D:1:      lemuel_arrival_cross, layout_loops_corners
D:2:      kennysheep_big_flooded_room, layout_basic, basic_altar, uniq_natasha
D:3:      layout_basic, hellmonk_ecumenical_altar_inner_sanctum,
          kennysheep_minor_cross, uniq_crazy_yiuf_cottage
D:4:      layout_loops_ring, nzn_wu_jian_contemplation, uniq_robin
D:7:      layout_layer_cave, nicolae_overflow_hidden_temple,
          minmay_misc_feat_hallway

Skill      XL: |  1  2  3  4  5  6 |
---------------+-------------------+-----
Shields        | 4 5 |  5.0
Fighting       | 4 5 |  5.6
Armour         | 4 5 |  5.6
Axes           | 3 4 |  4.5

Action                   |  1- 3 |  4- 6 |  7- 9 || total
-------------------------+-------+-------+-------++-------
Melee: War axe           |    76 |    32 |       ||   108
       Mace              |       |   159 |    74 ||   233
Throw: Boomerang         |       |     4 |     1 ||     5
 Abil: Dig               |       |     5 |     2 ||     7
       Shaft Self        |       |     1 |       ||     1
  Use: Potion            |       |     3 |     2 ||     5
       Scroll            |       |     4 |       ||     4
Armor: Scale mail        |     7 |       |       ||     7
       Chain mail        |    39 |   161 |    35 ||   235
Dodge: Dodged            |    28 |   103 |    28 ||   159
Block: Buckler           |    19 |    64 |    10 ||    93
